AoeStats
← TFRaptor22

Oasis

508112419Analyzed
3v3 RM · 12d ago on Sep 20, 2026· 59m 35s· 6 players
Game mode
Random Map
Map size
Normal (6 player)
Population
200
Speed
Normal
Resources
Standard
Victory
Conquest
Starting age
Dark Age
Ending age
Imperial Age
RankedLock teamsTeams togetherTeam positionsShared explorationLock speedFull tech treeHidden civsTurbo modeCheats
Victory
Defeat
🇦🇷 Franks · Argentina
949
+11
🇨🇴 Ethiopians · Colombia
846
+16
🇺🇸 Persians · United States
736
+20
🇺🇸 Romans · United States
1059
-23
🇺🇸 Vietnamese · United States
882
-18
🇺🇸 Khmer · United States
569
-6
TFRaptor22
11:25 Feudal Age
17:16 Castle Age
15:41 Loom
15:18 Man-at-Arms
16:14 Scale Mail Armor
17:55 Long Swordsman
18:39 Squires
19:36 Chain Mail Armor
21:21 Forging
23:20 Iron Casting
25:06 Fletching
32:09 Wheelbarrow
32:05 Town Watch
35:19 Hand Cart
36:25 Bodkin Arrow
36:38 Scale Barding Armor
38:39 Chain Barding Armor
43:01 Imperial Age
41:14 Bloodlines
41:05 Husbandry
44:30 Masonry
43:58 Capped Ram
44:00 Legionary
45:43 Blast Furnace
45:08 Conscription
44:58 Double-Bit Axe
45:06 Gold Mining
46:28 Plate Barding Armor
48:27 Comitatenses
50:39 Elite Centurion
50:55 Elite Centurion
53:55 Pikeman
55:22 Bodkin Arrow
56:00 Architecture
55:40 Siege Engineers
56:03 Heavy Scorpion
57:13 Ballistas
58:18 Murder Holes
Rusker
8:54 Loom
10:41 Feudal Age
16:24 Castle Age
14:56 Double-Bit Axe
18:02 Fletching
18:13 Padded Archer Armor
22:00 Bow Saw
23:56 Crossbowman
27:26 Wheelbarrow
26:39 Town Watch
26:43 Horse Collar
28:42 Hand Cart
30:09 Town Patrol
30:19 Gold Mining
30:22 Stone Mining
34:25 Imperial Age
33:59 Thumb Ring
33:51 Bodkin Arrow
34:12 Leather Archer Armor
35:15 Elite Rattan Archer
36:43 Paper Money
39:32 Bracer
40:02 Ring Archer Armor
42:26 Two-Man Saw
41:31 Heavy Plow
46:38 Ballistics
47:20 Chemistry
46:11 Arrowslits
52:38 Murder Holes
domowenss
11:33 Feudal Age
12:14 Horse Collar
12:23 Double-Bit Axe
13:47 Wheelbarrow
13:01 Town Watch
19:47 Castle Age
21:43 Stone Mining
21:55 Gold Mining
22:50 Bow Saw
27:31 Stone Shaft Mining
27:32 Loom
28:19 Fervor
29:04 Padded Archer Armor
29:09 Scale Barding Armor
28:55 Fletching
34:53 Imperial Age
34:47 Hand Cart
35:05 Bodkin Arrow
35:27 Leather Archer Armor
35:23 Forging
35:13 Scale Mail Armor
35:16 Pikeman
39:05 Tusk Swords
40:22 Ring Archer Armor
41:00 Chemistry
39:57 Murder Holes
41:55 Halberdier
56:05 Double Crossbow
jesuscontrabando
12:16 Feudal Age
12:51 Loom
16:38 Castle Age
15:28 Double-Bit Axe
23:00 Forging
25:42 Gold Mining
26:45 Iron Casting
32:07 Imperial Age
30:01 Bow Saw
29:33 Light Cavalry
30:13 Husbandry
32:12 Cavalier
32:54 Stone Mining
33:40 Gold Shaft Mining
34:41 Blast Furnace
33:47 Scale Barding Armor
34:26 Wheelbarrow
35:08 Paladin
38:38 Chain Barding Armor
39:55 Elite Throwing Axeman
42:04 Conscription
41:57 Elite Throwing Axeman
55:11 Hand Cart
55:29 Chivalry
57:34 Chemistry
56:55 Ballistics
JÄGGERMEISTER |
1:02 Loom
12:56 Feudal Age
13:02 Feudal Age
18:24 Castle Age
16:33 Double-Bit Axe
16:44 Horse Collar
17:25 Gold Mining
18:05 Padded Archer Armor
18:30 Fletching
19:33 Crossbowman
21:50 Leather Archer Armor
21:31 Bodkin Arrow
27:48 Forging
34:15 Bow Saw
38:28 Imperial Age
36:36 Heavy Plow
37:55 Ballistics
41:54 Chemistry
50:39 Wheelbarrow
50:57 Wheelbarrow
52:58 Thumb Ring
56:29 Arbalester
58:23 Hand Cart
Thwart
2:25 Loom
12:19 Feudal Age
15:34 Double-Bit Axe
15:32 Horse Collar
16:51 Wheelbarrow
16:02 Town Watch
21:32 Castle Age
19:35 Stone Mining
20:08 Gold Mining
22:22 Bow Saw
22:14 Heavy Plow
22:45 Gambesons
24:11 Stone Shaft Mining
23:48 Man-at-Arms
24:30 Squires
26:47 Long Swordsman
33:55 Imperial Age
31:39 Scale Mail Armor
33:10 Murder Holes
33:26 Masonry
33:09 Guard Tower
33:40 Ballistics
32:43 Pikeman
33:13 Arson
33:26 Fletching
35:24 Architecture
37:08 Bloodlines
36:19 Light Cavalry
37:00 Husbandry
38:30 Hand Cart
41:03 Hoardings
41:25 Town Patrol
44:37 Chemistry
43:40 Padded Archer Armor
43:56 Chain Mail Armor
43:51 Forging
45:16 Two-Man Saw
44:52 Halberdier
47:35 Crop Rotation
48:03 Bodkin Arrow
47:35 Capped Ram
48:37 Siege Ram
50:02 Sappers
50:55 Conscription
50:43 Kamandaran
51:02 Citadels
51:40 Iron Casting
50:28 Hussar
51:48 Caravan
53:32 Elite War Elephant
54:41 Guilds
55:01 Coinage
59:07 Thumb Ring
58:23 Elite Skirmisher
58:29 Heavy Cavalry Archer
Connection lost

Rejoining the realm…

Still unreachable

The connection could not be restored.

Session expired

The server has moved on; the page needs a fresh start.